 Dungeon Crawl Stone Soup version 0.28.0-53-g5a82cb258f (webtiles) character file.

Game seed: 12083345752070118513

151 Diggabert the Conjurer (level 5, 0/29 HPs)
             Began as a Deep Elf Conjurer on Aug 5, 2022.
             Slain by Duvessa
             ... wielding a +4 short sword of holy wrath
              (8 damage)
             ... on level 6 of the Dungeon.
             The game lasted 00:04:27 (2328 turns).

Diggabert the Conjurer (Deep Elf Conjurer)          Turns: 2328, Time: 00:04:28

Health: 0/29       AC:  3    Str:  4    XL:     5   Next: 10%
Magic:  13/13      EV: 12    Int: 25    God:
Gold:   66         SH:  0    Dex: 13    Spells: 2/12 levels left

rFire   . . .      SeeInvis .   i - +2 dagger (venom)
rCold   . . .      Faith    .   (no shield)
rNeg    . . .      Spirit   .   a - +0 robe
rPois   .          Reflect  .   (no helmet)
rElec   .          Harm     .   h - +0 cloak
rCorr   .          Rampage  .   (no gloves)
Will    .....                   (no boots)
Stlth   ++........              (no amulet)
HPRegen 0.09/turn               (no ring)
MPRegen 0.13/turn               (no ring)

@: no status effects
A: no striking features
a: no special abilities


You were on level 6 of the Dungeon.
You visited 1 branch of the dungeon, and saw 4 of its levels.

You collected 66 gold pieces.

Inventory:

Hand Weapons
 i - a +2 dagger of venom (weapon)
Missiles
 g - 2 throwing nets
Armour
 a - a +0 robe (worn)
 h - a +0 cloak (worn)
Wands
 j - a wand of charming (3)
Scrolls
 c - a scroll of identify {unknown}
 f - a scroll of teleportation {unknown}
Potions
 b - a potion of haste {unknown}
 d - a potion of might {unknown}
 e - 2 potions of attraction {unknown}


   Skills:
 * Level 1.0 Fighting
 * Level 3.0 Dodging
 - Level 2.4 Stealth
 * Level 4.1 Spellcasting
 * Level 6.0 Conjurations
 * Level 1.2 Hexes


You had 2 spell levels left.
You knew the following spells:

 Your Spells              Type           Power      Damage    Failure   Level
a - Magic Dart            Conj           100%       1d8       1%          1
b - Searing Ray           Conj           70%        2d7       1%          2
c - Dazzling Flash        Conj/Hex       46%        N/A       6%          3
d - Fulminant Prism       Conj/Hex       11%        3d9       21%         4

Your spell library contained the following spells:

 Spells                   Type           Power      Damage    Failure   Level
 Animate Skeleton         Necr           10%        N/A       9%          1
 Apportation              Tloc           10%        N/A       9%          1
 Summon Small Mammal      Summ           20%        N/A       9%          1
 Iskenderun's Mystic Bla  Conj/Tloc      20%        2d6       26%         4


Dungeon Overview and Level Annotations

Branches:
Dungeon (3/15)

Altars:

Annotations:
D:6 Dowan, Duvessa, Prince Ribbit


Message History

A centaur skeleton comes into view.
A scorpion comes into view.
The centaur skeleton closely misses you.
The centaur skeleton misses you.
Prince Ribbit comes into view.
The centaur skeleton hits you. The centaur skeleton barely misses you.
Found 20 stones.
Prince Ribbit croaks.
Prince Ribbit blinks!
The centaur skeleton hits you but does no damage.
The centaur skeleton barely misses you. Prince Ribbit closely misses you.
Prince Ribbit blinks!
A gnoll comes into view. It is wielding a +0 spear.
The gnoll shouts!
The centaur skeleton hits you.
The centaur skeleton closely misses you.
Dowan, Brother of Duvessa comes into view.
He is wielding a +0 dagger.
The centaur skeleton hits you.
The centaur skeleton closely misses you.
Duvessa and 2 gnolls come into view.
Duvessa is wielding a +4 short sword of holy wrath and wearing a +2 ring mail of fire resistance.
The gnoll shouts!
Dowan shouts!
Prince Ribbit blinks!
Duvessa shouts!
The gnoll shouts!
Dowan points at you and mumbles some strange words.
The puff of flame misses you.
Found 13 gold pieces.
The gnoll barely misses you. The gnoll barely misses you.
The centaur skeleton hits you.
The centaur skeleton kicks you but does no damage.
Found a flail.
Dowan casts a spell at you. The puff of flame hits you.
* * * LOW HITPOINT WARNING * * *
The centaur skeleton closely misses you.
The centaur skeleton misses you. The gnoll closely misses you.
The gnoll closely misses you.
Duvessa hits you with a +4 short sword of holy wrath!
You die...

.....##g##.........#
###...#.##.........#
#...#Y##.........###
#...#.#............
#...#.#..........# #
#...#............##.#
.............gg........
.##...###..g...e...##.#
.##### #.....YZ@.....#
.# #.....e....#### ..
##'######### ....
#.$... #..) +.


You could see Duvessa, an ice beast, Dowan, 3 gnolls and a centaur skeleton.

Vanquished Creatures
  A gnoll sergeant (D:3)
  2 gnolls (D:3)
  2 adders
  A worm (D:2)
  A dart slug (D:2)
  10 bats
  5 endoplasms
  4 giant cockroaches
  2 goblins
  3 hobgoblins
  2 jackals (D:3)
  5 kobolds
  3 quokkas (D:1)
  6 frilled lizards
  2 rats
49 creatures vanquished.

Notes
Turn   | Place    | Note
-------+----------+-------------------------------------------
     0 | D:1      | Diggabert the Deep Elf Conjurer began the quest for the
                  | Orb.
     0 | D:1      | Reached XP level 1. HP: 10/10 MP: 6/6
   124 | D:1      | Reached XP level 2. HP: 15/15 MP: 6/8
   338 | D:1      | Reached skill level 5 in Conjurations
   482 | D:1      | Learned a level 2 spell: Searing Ray
   879 | D:2      | Reached XP level 3. HP: 20/20 MP: 5/9
   883 | D:2      | Learned a level 3 spell: Dazzling Flash
  1919 | D:3      | Reached XP level 4. HP: 24/24 MP: 3/11
  2077 | D:3      | Learned a level 4 spell: Fulminant Prism
  2168 | D:3      | Noticed a gnoll sergeant
  2173 | D:3      | Killed a gnoll sergeant
  2174 | D:3      | Reached skill level 1 in Fighting
  2174 | D:3      | Reached skill level 6 in Conjurations
  2174 | D:3      | Reached skill level 1 in Hexes
  2174 | D:3      | Reached XP level 5. HP: 29/29 MP: 5/13
  2254 | D:3      | You fall into a shaft and drop 3 floors!
  2260 | D:6      | Noticed a black bear
  2291 | D:6      | Noticed an ice beast
  2303 | D:6      | Noticed Prince Ribbit
  2319 | D:6      | Noticed Dowan
  2320 | D:6      | Noticed Duvessa
  2328 | D:6      | Slain by Duvessa

Illustrated notes

Levels and vault maps discovered:
D:1:      erik_arrival_orb_chamber, layout_loops_ring, chequers_mini_garden,
          serial_bayou_pond_a
D:2:      layout_loops_ring
D:3:      layout_basic, nicolae_ashenzari_skybound,
          shapermc_ecumenical_altar_notcrosses, uniq_natasha
D:6:      layout_basic, mainiacjoe_overflow_brackets, zin_academy,
          uniq_prince_ribbit1, uniq_duvessa

Skill      XL: |  1  2  3  4 |
---------------+-------------+-----
Conjurations   | 5 6 |  6.0
Fighting       | 1 |  1.0
Dodging        | 3 |  3.0
Spellcasting   | 4 |  4.1
Hexes          | 1 |  1.2
Stealth        | |  2.4

Action                   |  1- 3 |  4- 6 || total
-------------------------+-------+-------++-------
 Cast: Magic Dart        |    62 |     8 ||    70
       Searing Ray       |    10 |     1 ||    11
Armor: Robe              |       |     2 ||     2
Dodge: Dodged            |     1 |    14 ||    15
